 BcadrenCrawl: Boulder Brew version 0.03.3.1-25-g7b9318e587 (webtiles) character file.

Game seed: 6798318155963276285, levelgen mode: deterministic

1154 Chiseanne the Nimble (level 8, -7/61 HPs) Goblin Demonspawn. Began on Mar 18, 2021. Was an Initiate of Gozag Ym Sagoz. Killed by divine providence ... invoked by an orc priest (15 damage) ... in the Ecumenical Temple. The game lasted 00:08:40 (2781 turns).

Chiseanne the Nimble (Goblin Demonspawn)            Turns: 2781, Time: 00:08:41

Health: -7/61      AC:  7    Str:  8    XL:     8 ^: 330
Magic:  8/8        EV: 16    Int:  6    God:    Gozag Ym Sagoz
Gold:   156        SH:  5    Dex:  6    Spells: 8/9 levels left

rFire    + . .     Vision   .   i - +3 dagger
rCold    . . .     Gourm    .   n - +2 long sword (venom)
rNeg     . . .     Faith    .   b - +0 leather armour
rPois    .         Spirit   .   (no helmet)
rElec    .         Reflect  +   (no cloak)
rCorr    .         Harm     .   l - +1 pair of gloves
MR       .....                  (no boots)
Stlth    +++.......             o - amulet of reflection
HPRegen  0.30/turn              (no ring)
MPRegen  0.18/turn              (no ring)

@: studying 2 skills
A: small, stagnant stats, goblin's greed, talons 1, icy blue scales 1, fire
resistance 1, low mp 1, mutation resistance 1, nightstalker 1, god's pity 2
a: Potion Petition, Call Merchant, Bribe Branch, Renounce Religion


You were in the Ecumenical Temple.
You worshipped Gozag Ym Sagoz.
Gozag Ym Sagoz was aware of your devotion.
You were full.

You visited 2 branches of the dungeon, and saw 5 of its levels.

You collected 202 gold pieces.
You paid 86 gold pieces to Gozag.

Inventory:

Weapons
 i - a +3 dagger (weapon)
 n - a +2 long sword of venom (weapon) Shields
 r - a +1 buckler of protection
Armour
 b - a +0 leather armour (worn)
 l - a +1 pair of gloves (worn)
Jewellery
 m - a cursed ring of protection from magic {(Curse: *Tele rC-)}
 o - an amulet of reflection (around neck)
Wands
 p - a wand of flame
Scrolls
 f - a scroll of silence
 g - 4 scrolls of teleportation
 k - 2 scrolls of amnesia
 q - a scroll of blinking
 s - 4 scrolls of fog
Potions
 a - 2 potions of cure mutation
 h - 2 potions of curing
Miscellaneous
 e - a fan of gales
Comestibles
 d - 5 rations


   Skills:
 * Level 7.9 Fighting
 - Level 2.6 Short Blades
 * Level 8.9 Dodging
 * Level 4.4 Stealth
 - Level 1.3 Spellcasting
 - Level 2.6 Fire Magic
   Level 4.0 Invocations


You had 8 spell levels left.
You knew the following spells:

 Your Spells              Type           Power        Failure   Level  Hunger
a - Flame Tongue          Fire           3 (30)       17%         1    ##.....

Your spell library contained the following spells:

 Spells                   Type           Power        Failure   Level  Hunger
 Conjure Flame            Fire           3 (100)      45%         3    ####...
 Blink                    Tloc           N/A          61%         2    ###....
 Call Imp                 Summ           0 (100)      61%         2    ###....
 Slow                     Hex            0 (100)      61%         2    ###....
 Mephitic Cloud           Pois/Air       0 (100)      83%         3    ####...


Dungeon Overview and Level Annotations

Branches:
Dungeon (4/8)              Temple (1/1) D:4

Altars:
Ashenzari
Dithmenos
Elyvilon
Gozag Ym Sagoz
Nemelex Xobeh
Okawaru
Qazlal
Sif Muna
Trog
Uskayaw
Vehumet
Wu Jian
Yredelemnul
Zin

Shops:
D:3 (


Innate Abilities, Weirdness & Mutations

Your stats never grow through leveling.
Your goblin ancestry allows you to find more gold. (+20%)
You are small and have problems with some larger weapons.
You have sharp toenails.
You are partially covered in icy blue scales. (AC +2)
You are heat resistant. (rF+)
Your magical capacity is low. (-10% MP)
You are somewhat resistant to further mutation.
You are slightly more attuned to the shadows.
The pity of the gods increases the power of your passive and invoked divine abilities.


Message History

The crimson imp blinks!
The orc priest calls down the wrath of Beogh upon you.
Pain shoots through your body (11)!
The crimson imp blinks!
You barely miss the orc priest. x2
The orc priest looks braver for a moment.
You block the crimson imp's attack.
The orc priest invokes the aid of Beogh against you.
Beogh smites you!
* * * LOW HITPOINT WARNING * * *
As you read the scroll of fear, it crumbles to dust.
You assume a fearsome visage.
The orc priest resists with some effort.
The orc priest looks frightened!
The crimson imp is unaffected.
You block the crimson imp's attack. The crimson imp closely misses you (0).
The orc priest begins to cast a cantrip, but forgets the words!
The orc priest mumbles some strange prayers to Beogh against you.
Beogh smites you!
You die...
Your body crumbles into a pile of gold.

≈≈≈≈≈≈≈...≈≈≈≈≈≈≈≈≈≈≈≈._.
≈≈...≈≈≈≈._.≈≈≈≈...≈≈≈≈≈...
≈≈._.≈≈≈≈...≈≈≈≈.#.≈≈≈≈≈≈≈≈
≈≈...≈≈≈≈≈≈≈≈≈≈≈...≈≈≈≈≈≈≈≈
≈≈≈≈≈≈≈≈≈≈≈o≈≈≈≈≈≈≈≈≈≈≈...≈
≈≈≈≈≈≈≈≈≈≈≈≈≈≈≈≈≈≈≈≈≈≈≈.⌠.≈
≈≈≈≈≈≈≈o≈≈≈≈≈≈≈≈≈≈≈≈≈≈≈...≈
≈≈≈≈≈≈[≈≈.5.≈≈≈≈≈≈≈≈≈≈≈≈≈≈≈
≈...≈≈≈≈..@..≈≈≈≈...≈≈≈≈≈≈≈
≈≈≈._.≈≈≈≈.[<..≈≈≈≈._.≈≈≈≈≈≈≈
≈≈≈...≈≈≈≈.....≈≈≈≈...≈≈≈≈≈≈≈
≈≈≈≈≈≈≈≈≈≈≈...≈≈≈≈≈≈≈≈≈≈≈≈≈≈≈
≈≈≈≈≈≈≈≈≈≈≈≈≈≈≈≈≈≈≈≈≈≈≈≈≈...≈
≈≈≈≈≈≈≈≈≈≈≈≈≈≈≈≈≈≈≈≈≈≈≈≈≈._.≈
≈≈≈≈≈≈≈≈≈≈≈≈≈≈≈≈≈≈≈≈≈≈≈≈≈...≈
≈≈≈≈...≈≈≈≈≈≈≈≈≈≈≈...≈≈≈≈≈≈≈≈
≈≈≈≈.#.≈≈≈≈...≈≈≈≈._.≈≈≈≈≈≈≈≈


You could see 2 orc priests and a crimson imp.

Vanquished Creatures
  An orc warrior (Temple)
  A porcupine (D:3)
  A scorpion (D:3)
  An ogre (D:3)
  A big kobold (D:1)
  2 crimson imps (D:4)
  A jelly (D:2)
  3 orc priests
  2 worker ants
  2 orc wizards (D:3)
  A wyvern skeleton (D:3)
  10 giant cockroaches
  An iron imp (D:3)
  3 bullfrog skeletons
  An adder (D:4)
  3 gnolls (D:4)
  7 sewer rats (D:2)
  3 worms (D:3)
  2 cinder newts
  An ooze (D:2)
  A dart slug (D:1)
  4 leopard geckos
  13 orcs
  6 goblins (D:1)
  5 hobgoblins (D:1)
  A quokka (D:3)
  4 ball pythons
  9 bats
  A bat skeleton (D:2)
  10 kobolds
  A quokka skeleton (D:3)
  5 rats
  7 withered plants (D:2)
114 creatures vanquished.

Vanquished Creatures (others)
  40 withered plants (D:2)
40 creatures vanquished.

Grand Total: 154 creatures vanquished

Notes
Turn   | Place    | Note
-------+----------+-------------------------------------------
     0 | D:1      | Chiseanne the Goblin Demonspawn began the quest for the
                  | Orb.
     0 | D:1      | Reached XP level 1. HP: 13/13 MP: 2/2
   203 | D:1      | Gained mutation: You have sharp toenails. [demonic
                  | ancestry]
   203 | D:1      | Reached XP level 2. HP: 16/19 MP: 3/3
   233 | D:1      | Reached XP level 3. HP: 10/25 MP: 4/4
   522 | D:1      | Reached skill level 5 in Dodging
   522 | D:1      | Gained mutation: You are partially covered in icy blue
                  | scales. (AC +2) [demonic ancestry]
   522 | D:1      | Reached XP level 4. HP: 29/31 MP: 5/5
   692 | D:1      | Identified a scroll of acquirement
   950 | D:2      | Noticed a big kobold
   951 | D:2      | Reached XP level 5. HP: 37/37 MP: 6/6
   965 | D:1      | Reached skill level 6 in Dodging
  1033 | D:2      | Reached XP level 6. HP: 30/45 MP: 7/7
  1105 | D:2      | Reached skill level 5 in Fighting
  1119 | D:2      | Found an iron altar of Okawaru.
  1324 | D:3      | Reached skill level 7 in Dodging
  1324 | D:3      | Gained mutation: You are heat resistant. (rF+) [demonic
                  | ancestry]
  1324 | D:3      | Reached XP level 7. HP: 32/52 MP: 8/8
  1672 | D:3      | Found a shimmering blue altar of Sif Muna.
  1883 | D:3      | Reached skill level 8 in Dodging
  2039 | D:3      | Found Nuara Ceo's Antique Weapon Emporium.
  2073 | D:3      | Gained mutation: You are slightly more attuned to the
                  | shadows. [demonic ancestry]
  2073 | D:3      | Reached XP level 8. HP: 52/60 MP: 8/8
  2209 | D:3      | Identified the cursed ring "Pihil" {*Tele Str+6, (Curse:
                  | *Tele *Corrode Fragile)}
  2343 | D:4      | Found a staircase to the Ecumenical Temple.
  2354 | Temple   | Entered the Ecumenical Temple
  2434 | Temple   | Became a worshipper of Gozag Ym Sagoz the Greedy
  2781 | Temple   | Killed from afar by an orc priest

Levels and vault maps discovered:
D:1:      minmay_arrival_loop, layout_loops_ring, grunt_decor_mini_mirrors
D:2:      layout_sewer, bcadren_lemuel_inverted_doored_altar, serial_shops,
          shop, first_ration, okawaru_gym_becter
D:3:      layout_gridville, serial_shops, nicolae_shop_window_shopping,
          basic_altar
D:4:      layout_irregular_city, fedhas_altar_4, slow_altar_1,
          minmay_temple_entry_ruins
Temple:   regret_index_temple_mists

Skill      XL: |  1  2  3  4  5  6  7  8 |
---------------+-------------------------+-----
Fighting       | 2 3 4 6 7 |  7.9
Dodging        | 5 6 7 8 |  8.9
Stealth        | 4 |  4.4
Short Blades   | |  2.6
Spellcasting   | |  1.3
Fire Magic     | |  2.6
Invocations    | |  4.0

Action                   |  1- 3 |  4- 6 |  7- 9 || total
-------------------------+-------+-------+-------++-------
Melee: Rapier            |    74 |    12 |       ||    86
       Unarmed           |    28 |       |       ||    28
       Club              |     5 |       |       ||     5
       Short sword       |    13 |       |       ||    13
       Kick              |     2 |     8 |    10 ||    20
       Dagger            |    14 |    78 |    89 ||   181
       Long sword        |       |    65 |    79 ||   144
Evoke: Wand              |       |       |     1 ||     1
  Use: Scroll            |       |     1 |     1 ||     2
       Potion            |       |       |     1 ||     1
 Stab: Sleeping          |       |     2 |       ||     2
  Eat: Chunk             |       |     2 |     5 ||     7
       Ration            |       |       |     2 ||     2
Armor: Leather armour    |    18 |    26 |    21 ||    65
Dodge: Dodged            |    79 |   132 |   102 ||   313
Block: Other             |       |    45 |    37 ||    82
       Reflection        |       |     2 |       ||     2
       Rpst.: Long sword |       |    32 |    29 ||    61
